 Dungeon Crawl Stone Soup version 0.21-a0-349-g0c35859 (webtiles) character file.

1808 vishdafish the Chopper (level 8, -2/63 HPs)
             Began as a Demonspawn Fighter on Oct 7, 2017.
             Was a Follower of Qazlal.
             Shot with a sling bullet by something (8 damage)
             ... on level 7 of the Dungeon.
             The game lasted 00:08:27 (5398 turns).

vishdafish the Chopper (Demonspawn Fighter)         Turns: 5398, Time: 00:08:28

Health: -2/63      AC:  7    Str: 16    XL:     8   Next: 84%
Magic:  8/8        EV: 10    Int: 11    God:    Qazlal [*.....]
Gold:   292        SH: 11    Dex: 16    Spells: 7/7 levels left

rFire    + . .     SeeInvis .   a - +0 war axe
rCold    . . .     Gourm    .   c - +0 shield
rNeg     . . .     Faith    .   b - +0 scale mail
rPois    +         Spirit   .   (helmet restricted)
rElec    .         Reflect  .   (no cloak)
rCorr    .         Harm     .   (no gloves)
MR       .....                  (boots unavailable)
Stlth    ..........             (no amulet)
HPRegen  0.20/turn              o - ring of poison resistance
MPRegen  0.11/turn              q - ring of loudness (curse)

@: no status effects
A: hooves 3, horns 1, agile 1, blurry vision 1, fire resistance 1, high mp 1,
wild magic 1, sturdy frame 1
a: Renounce Religion


You were on level 7 of the Dungeon.
You worshipped Qazlal.
Qazlal was aware of your devotion.
You were not hungry.

You visited 2 branches of the dungeon, and saw 8 of its levels.

You collected 292 gold pieces.

Inventory:

Hand Weapons
 a - a +0 war axe (weapon)
Armour
 b - a +0 scale mail (worn)
 c - a +0 shield (worn)
Jewellery
 o - a ring of poison resistance (left hand)
 q - a cursed ring of loudness (right hand)
Scrolls
 d - a scroll of identify
 h - 3 scrolls of remove curse {unknown}
 k - 3 scrolls of fog {unknown}
 m - a scroll of amnesia {unknown}
 r - a scroll of recharging {unknown}
 s - 2 scrolls of fear {unknown}
 w - 3 scrolls of magic mapping {unknown}
Potions
 e - a potion of heal wounds {unknown}
 g - a potion of curing
 n - a potion of flight
Books
 t - a book of Conjurations

   Spells                             Type                      Level
   a - Magic Dart                     Conjuration                  1
   b - Searing Ray                    Conjuration                  2
   c - Dazzling Spray                 Conjuration/Hexes            3
   d - Fulminant Prism                Conjuration/Hexes            4
   e - Force Lance                    Conjuration/Translocation    4
   f - Iskenderun's Mystic Blast      Conjuration                  4
Comestibles
 f - 3 bread rations
 j - a meat ration
 p - 3 fruits
 u - 2 royal jellies


   Skills:
 + Level 5.4 Fighting
 * Level 6.3 Axes
 + Level 5.0 Armour
 + Level 4.0 Dodging
 + Level 5.0 Shields


You had 7 spell levels left.
You didn't know any spells.

Dungeon Overview and Level Annotations

Branches:
Dungeon (7/15)             Temple (1/1) D:4

Altars:
Ashenzari
Cheibriados
Dithmenos
Elyvilon
Fedhas
Gozag
Hepliaklqana
Kikubaaqudgha
Makhleb
Nemelex Xobeh
Okawaru
Qazlal
Ru
Sif Muna
Trog
Uskayaw
Vehumet
Wu Jian
Xom
Yredelemnul
Zin
The Shining One

Annotations:
D:6 Sigmund
D:7 Joseph


Innate Abilities, Weirdness & Mutations

You have hooves in place of feet.
Your flesh is heat resistant. (rF+)
Your movements are slightly less encumbered by armour. (ER -2)
You have a pair of small horns on your head.
You are agile. (Dex +2)
Scrolls take you a little longer to read.
You have an increased reservoir of magic. (+10% MP)
Your spells are a little harder to cast, but a little more powerful.


Message History

The floor, spattered with blood.
You closely miss the centaur. You kick the centaur.
You kill the centaur!
Qazlal accepts your kill.
Your Armour skill increases to level 5!
Your Dodging skill increases to level 4!
Okay, then.
You feel better.
A sling bullet appears from out of thin air!
The sling bullet hits you!
* * * LOW HITPOINT WARNING * * *
Okay, then.
Okay, then.
You feel better.
You hear a croak.
A sling bullet appears from out of thin air!
The sling bullet hits you but does no damage.
A sling bullet appears from out of thin air!
The sling bullet hits you!
You die...

#....).#
#......#
#......#
#......#
#......#
#......#
#......##
#......)####
#.....ยง(@).#
#####)####.#
#. # #{ #g #.
#. ..


There were no monsters in sight!

Vanquished Creatures
  Menkaure (D:7)
  Duvessa (D:5)
  A sky beast (D:5)
  2 ogres
  A phantom (D:6)
  6 centaurs
  The ghost of Kidiri the Magician, an amateur DEEE (D:3)
  A bullfrog (D:7)
  Dowan (D:5)
  A howler monkey (D:5)
  A centaur zombie (D:6)
  A bullfrog zombie (D:6)
  A bullfrog skeleton (D:6)
  An orc priest (D:6)
  A hound (D:5)
  An orc wizard (D:6)
  2 jellies
  3 worker ants
  A hound zombie (D:6)
  A hound skeleton (D:4)
  6 gnolls
  4 adders
  A shadow imp (D:5)
  2 oozes
  3 worms (D:3)
  A dart slug (D:1)
  7 leopard geckos
  9 orcs
  A ball python (D:4)
  7 giant cockroaches
  9 hobgoblins
  7 jackals (D:4)
  5 kobolds
  6 bats
  4 frilled lizards
  6 goblins
  4 rats
111 creatures vanquished.

Notes
Turn   | Place    | Note
-------+----------+-------------------------------------------
     0 | D:1      | vishdafish the Demonspawn Fighter began the quest for the Orb.
     0 | D:1      | Reached XP level 1. HP: 18/18 MP: 1/1
    78 | D:1      | Reached skill level 2 in Axes
   193 | D:1      | Gained mutation: You have large cloven feet. [demonic ancestry]
   193 | D:1      | Reached XP level 2. HP: 9/24 MP: 2/2
   565 | D:1      | Gained mutation: You have hoof-like feet. [demonic ancestry]
   565 | D:1      | Reached XP level 3. HP: 22/29 MP: 3/3
  1030 | D:2      | Reached skill level 1 in Dodging
  1606 | D:3      | Reached XP level 4. HP: 31/35 MP: 4/4
  1712 | D:3      | Noticed Kidiri's ghost (amateur DEEE)
  1722 | D:3      | Killed Kidiri's ghost
  1722 | D:3      | Reached skill level 3 in Axes
  1722 | D:3      | Gained mutation: Your flesh is heat resistant. (rF+) [demonic ancestry]
  1722 | D:3      | Reached XP level 5. HP: 31/41 MP: 5/5
  2246 | D:4      | Found a blossoming altar of Fedhas.
  2667 | D:4      | Found a staircase to the Ecumenical Temple.
  2726 | Temple   | Entered the Ecumenical Temple
  2838 | Temple   | Became a worshipper of Qazlal Stormbringer
  3307 | D:5      | Entered Level 5 of the Dungeon
  3335 | D:5      | Gained mutation: You have hooves in place of feet. [demonic ancestry]
  3335 | D:5      | Reached XP level 6. HP: 48/48 MP: 6/6
  3366 | D:5      | Noticed Dowan
  3370 | D:5      | Noticed Duvessa
  3374 | D:5      | Killed Dowan
  3389 | D:5      | HP: 2/48 [Duvessa/short sword (3)]
  3390 | D:5      | Killed Duvessa
  3390 | D:5      | Reached skill level 4 in Axes
  3678 | D:5      | Gained mutation: Your movements are slightly less encumbered by armour. (ER -2) [demonic ancestry]
  3678 | D:5      | Reached XP level 7. HP: 11/54 MP: 7/7
  4684 | D:5      | Reached skill level 5 in Axes
  4693 | D:5      | Gained mutation: You have a pair of small horns on your head. [potion of mutation]
  4693 | D:5      | Gained mutation: You have an increased reservoir of magic. (+10% MP) [potion of mutation]
  4694 | D:5      | Gained mutation: You are agile. (Dex +2) [mutagenic meat]
  4695 | D:5      | Gained mutation: Your spells are a little harder to cast, but a little more powerful. [mutagenic meat]
  4696 | D:5      | Gained mutation: Scrolls take you a little longer to read. [mutagenic meat]
  4713 | D:6      | HP: 1/82 [acid (5)]
  4946 | D:6      | Reached XP level 8. HP: 43/61 MP: 8/8
  5259 | D:6      | Found a shattered altar of Ashenzari.
  5262 | D:6      | Reached skill level 5 in Fighting
  5273 | D:6      | Noticed Sigmund
  5315 | D:7      | Noticed Menkaure
  5318 | D:7      | Killed Menkaure
  5321 | D:7      | Reached skill level 6 in Axes
  5326 | D:7      | Reached * piety under Qazlal
  5386 | D:7      | Noticed Joseph
  5387 | D:7      | Reached skill level 5 in Shields
  5395 | D:7      | Reached skill level 5 in Armour
  5396 | D:7      | HP: 1/63 [something (13)]
  5398 | D:7      | Shot with a sling bullet by something

Vault maps used:
D:1:      shiori_shiawase
D:2:      kennysheep_generic_room_6
D:4:      temple_doors_e, first_bread, minivault_1, grunt_decor_one_mirror,
          fedhas_altar_2
D:5:      minivault_14, uniq_duvessa
D:6:      nicolae_ashenzari_panopticon, portal_sewer_entry_e,
          serial_co_window_serial, co_window_paths_b, co_window_paths_b,
          co_window_paths_a, co_window_paths_a, co_window_paths_a,
          co_window_2corner, co_window_unsneaky_path_a, co_window_broadway_a,
          co_window_paths_c, co_window_of_opportunity_c, co_window_broadway_c,
          co_window_4corner_b, co_window_paths_e, glass_columns_a,
          glass_columns_a, glass_columns_c, glass_columns_c, glass_columns_a,
          uniq_sigmund
D:7:      grunt_livestock, uniq_joseph, uniq_menkaure
Temple:   kilobyte_greek_temple

Skill      XL: |  1  2  3  4  5  6  7  8 |
---------------+-------------------------+-----
Axes           | 2 3 4 5 6 |  6.3
Dodging        | 1 2 3 4 |  4.0
Armour         | 3 4 5 |  5.0
Shields        | 3 4 5 |  5.0
Fighting       | 4 5 |  5.4

Action                   |  1- 3 |  4- 6 |  7- 9 || total
-------------------------+-------+-------+-------++-------
Melee: War axe           |   109 |   122 |   108 ||   339
       Kick              |    11 |    28 |    34 ||    73
       Headbutt          |       |       |    15 ||    15
  Use: Potion            |       |     1 |     9 ||    10
       Scroll            |       |       |     5 ||     5
  Eat: Chunk             |     1 |     6 |     9 ||    16
       Royal jelly       |       |     1 |       ||     1
Armor: Scale mail        |    57 |    58 |    36 ||   151
       Skin              |       |       |    18 ||    18
Dodge: Dodged            |    37 |    40 |    42 ||   119
Block: Shield            |    64 |    64 |    75 ||   203

Table legend:
 A = Spawn XP
 B = Non-spawn XP
 C = Spawn XP percentage of total XP
 D = Spawn monster count
 E = Non-spawn monster count
 F = Spawn count percentage of total count
 G = Total turns spent on level
                    A         B        C        D         E        F      G
               +---------+---------+-------+---------+---------+-------+---------
         Total |       0 |    2583 |   0.0 |       0 |     111 |   0.0 |  5398
               +---------+---------+-------+---------+---------+-------+---------
           D:1 |       0 |      53 |   0.0 |       0 |      25 |   0.0 |   886
           D:2 |       0 |      32 |   0.0 |       0 |      10 |   0.0 |   579
           D:3 |       0 |     160 |   0.0 |       0 |      21 |   0.0 |   781
           D:4 |       0 |      87 |   0.0 |       0 |      14 |   0.0 |   906
           D:5 |       0 |     905 |   0.0 |       0 |      16 |   0.0 |  1381
           D:6 |       0 |     682 |   0.0 |       0 |      16 |   0.0 |   627
           D:7 |       0 |     664 |   0.0 |       0 |       9 |   0.0 |    83
               +---------+---------+-------+---------+---------+-------+---------
